 Dungeon Crawl Stone Soup version 0.31-a0-1237-gabc64e778c (webtiles) character file.

Game seed: 3416895072104126185

63 Maratek the Shield-Bearer (level 4, -9/35 HPs)
             Began as a Human Fighter on Dec 15, 2023.
             Killed by nerve-wracking pain
             ... invoked by Grinder
              (13 damage)
             ... on level 3 of the Dungeon.
             The game lasted 00:02:56 (1556 turns).

Maratek the Shield-Bearer (Human Fighter)           Turns: 1556, Time: 00:02:56

Health: -9/35      AC: 11    Str: 26    XL:     4   Next: 30%
Magic:  4/4        EV:  9    Int:  4    God:
Gold:   151        SH:  4    Dex: 12    Spells: 3/3 levels left

rFire   . . .        a - +0 war axe
rCold   . . .        c - +0 buckler
rNeg    . . .        b - +0 scale mail
rPois   .            g - +0 helmet
rElec   .            (no cloak)
rCorr   +            f - +0 pair of gloves
SInv    .            h - +1 pair of boots of Cynicism {+Inv rCorr Str+7 Int-4}
Will    .....        (no amulet) Stlth
                     (no ring)
HPRegen 0.25/turn    (no ring)
MPRegen 0.09/turn

%: no passive effects
@: mighty
A: no striking features
a: Evoke Invisibility


You were on level 3 of the Dungeon.
You visited 1 branch of the dungeon, and saw 3 of its levels.

You collected 151 gold pieces.

Inventory:

Hand Weapons
 a - a +0 war axe (weapon)
Armour
 b - a +0 scale mail (worn)
 c - a +0 buckler (worn)
 f - a +0 pair of gloves (worn)
 g - a +0 helmet (worn)
 h - the +1 pair of boots of Cynicism (worn) {+Inv rCorr Str+7 Int-4}
   (You acquired it on level 2 of the Dungeon)

   Str+7:     It affects your strength (+7).
   Int-4:     It affects your intelligence (-4).
   +Inv:      It lets you turn invisible.
   rCorr:     It protects you from acid and corrosion.
Scrolls
 j - a scroll of poison {unknown}
Potions
 i - a potion of mutation
 k - a potion of curing {unknown}
 m - 2 potions of haste {unknown}


   Skills:
 + Level 3.5 Fighting
 + Level 2.6 Axes
 + Level 3.5 Armour
 + Level 3.5 Shields


You had 3 spell levels left.
You didn't know any spells.
Your spell library contained the following spells:

 Spells                   Type           Power      Damage    Failure   Level
 Slow                     Hex            0%         N/A       83%         1
 Blink                    Tloc           0%         N/A       93%         2
 Confusing Touch          Hex            0%         N/A       99%         3
 Sigil of Binding         Hex            0%         N/A       99%         3
 Vampiric Draining        Necr           0%         2d6       99%         3
 Manifold Assault         Tloc           0%         N/A       100%        4


Dungeon Overview and Level Annotations

Branches:
Dungeon (3/15)

Altars:

Annotations:
D:3 Grinder


Message History

You are too injured to fight recklessly!
You are too injured to fight recklessly!
You are too injured to fight recklessly!
You are too injured to fight recklessly!
You are too injured to fight recklessly!
You are too injured to fight recklessly!
You are too injured to fight recklessly!
You are too injured to fight recklessly!
You are too injured to fight recklessly!
You feel much better. Grinder hits you!
You writhe in agony.
You feel very mighty all of a sudden. Grinder hits you.
You writhe in agony.
You completely miss Grinder.
Grinder is moderately wounded.
Grinder gestures at you. Pain shoots through your body!
Grinder hits you but does no damage.
You slash Grinder!
Grinder is heavily wounded.
Grinder hits you but does no damage.
You closely miss Grinder.
Grinder is heavily wounded.
Grinder closely misses you.
You closely miss Grinder.
Grinder is heavily wounded.
Grinder hits you!
* * * LOW HITPOINT WARNING * * *
You writhe in agony.
* * * LOW HITPOINT WARNING * * *
Grinder grins, showing sharp teeth.
Grinder gestures at you. Pain shoots through your body!
* * * LOW HITPOINT WARNING * * *
You closely miss Grinder.
Grinder is heavily wounded.
Grinder blinks!
Grinder says, "My boss said I was rubbish.
His entrails said otherwise."
Grinder gestures at you. Pain shoots through your body!
You die...
Grinder says, "Now the real fun starts!"

#.##...#
######'#
♣♣♣♣♣♣.♣♣♣♣♣♣
###♣...........♣
..#♣...........♣
#.#♣..#######..♣
#######.#♣..#
#†.♣
#....#..#♣..#
#..♣ #.@..'...#
#... ##..##♣..#
#..♣ #.## ♣..#
#..♣ #.#
♣..#######..♣
#.#
♣.......†...♣
5.#
♣...........♣
.#.
♣♣♣♣♣♣.♣♣♣♣♣♣ #.
. #######'######
.......†...#..


You could see Grinder.

Vanquished Creatures
  2 adders
  3 endoplasms
  4 giant cockroaches
  2 goblins
  4 hobgoblins
  2 jackals (D:2)
  2 quokkas
  5 ball pythons
  6 bats
  5 frilled lizards
  A kobold (D:1)
  8 rats
44 creatures vanquished.

Notes
Turn   | Place    | Note
-------+----------+-------------------------------------------
     0 | D:1      | Maratek the Human Fighter began the quest for the Orb.
     0 | D:1      | Reached XP level 1. HP: 18/18 MP: 1/1
   201 | D:1      | Reached XP level 2. HP: 16/24 MP: 2/2
   726 | D:2      | Reached XP level 3. HP: 29/29 MP: 3/3
  1176 | D:2      | Reached XP level 4. HP: 35/35 MP: 4/4
  1233 | D:2      | Identified a scroll of acquirement
  1233 | D:2      | Acquired the +1 pair of boots of Cynicism {+Inv rCorr Str+7
                  | Int-4}
  1541 | D:3      | Noticed Grinder
  1542 | D:3      | Paralysed by Grinder for 2 turns
  1556 | D:3      | Killed from afar by Grinder

Illustrated notes

Levels and vault maps discovered:
D:1:      minmay_arrival_jagged, layout_basic, minmay_tree_intersection,
          minmay_tromino_v4_c
D:2:      layout_basic
D:3:      layout_rooms, zin_angel, dk_noncrumbling_2, kennysheep_path_1,
          minivault_14, nicolae_elevator_lobby_plus, uniq_grinder, uniq_natasha

Action                     |  1- 3 |  4- 6 || total
---------------------------+-------+-------++-------
  Melee: War axe           |   100 |    31 ||   131
    Use: Scroll            |       |     4 ||     4
         Potion            |       |     2 ||     2
 Armour: Scale mail        |    76 |    26 ||   102
  Dodge: Dodged            |    44 |    12 ||    56
  Block: Buckler           |    33 |     5 ||    38

Table legend: (Time is in decaauts)
 A = Elapsed time spent in this place.
 B = Non-inter-level travel time spent in this place.
 C = Inter-level travel time spent in this place.
 D = Time resting spent in this place.
 E = Time spent auto-exploring this place.
 F = Levels seen in this place.
 G = Mean time per level.
                   A        B        C        D        E       F      G
               +--------+--------+--------+--------+--------+-----+--------+
         Total |   1610 |   1513 |     97 |    100 |   1052 |   3 |  536.7 |
       Dungeon |   1610 |   1513 |     97 |    100 |   1052 |   3 |  536.7 |
               +--------+--------+--------+--------+--------+-----+--------+

Top non-repeatable levels by time:
     D:2: 816 daAuts
     D:1: 651 daAuts
     D:3: 142 daAuts
